 Dungeon Crawl Stone Soup version 0.30-a0-557-ge2afbf3030 (webtiles) character file.

Game seed: 10640151812953163513

29861 MackTheKnife the Zephyrmancer (level 13, 0/84 HPs)
             Began as a Tengu Conjurer on Dec 28, 2022.
             Was an Elder of Ashenzari.
             Shot with an arrow by Nessos (4 damage)
             ... on level 4 of the Lair of Beasts.
             The game lasted 00:28:25 (18523 turns).

MackTheKnife the Zephyrmancer (Tengu Conjurer)     Turns: 18523, Time: 00:28:25

Health: 0/84       AC:  9    Str: 11    XL:     13   Next: 48%
Magic:  9/30       EV: 34    Int: 26    God:    Ashenzari [****..]
Gold:   1022       SH:  0    Dex: 13    Spells: 18/36 levels left

rFire   . . .      SeeInvis +    e - +6 spear "Syem Ciniun" {flame, rElec rN+ Str-4 Int+4, polearm}
rCold   + . .      Faith    .    (no shield)
rNeg    + . .      Spirit   .    d - +0 steam dragon scales of Supernal Gnosis {Evo, Self} (curse)
rPois   .          Reflect  .    (helmet restricted)
rElec   +          Harm     .    m - +0 cloak of Ashenzari's Prison {Alch, Self} (curse)
rCorr   .          Rampage  .    W - +2 pair of gloves "Yoke of Ashenzari" {Cun, Self} (curse)
Will    .....      Clarity  +    (boots unavailable)
Stlth   +++                      r - amulet of the Restrained Gnosis {Acrobat, Alch, Cun} (curse)
HPRegen 0.34/turn                g - ring "Eternal Together" {Str+6, Fort, Self} (curse)
MPRegen 0.22/turn                o - ring of Ashenzari's Skepticism {rC+, Self, Fort} (curse)

@: lethally poisoned (0 -> -13), about to teleport, acrobatic, spewing sludge,
flying quickly and evasively, quick
A: beak, talons 3, nimble flight
a: Renounce Religion, Curse Item, Shatter the Chains


You were on level 4 of the Lair of Beasts.
You worshipped Ashenzari.
Ashenzari was greatly pleased with you.
You visited 2 branches of the dungeon, and saw 14 of its levels.
You also visited: Ossuary.

You collected 1097 gold pieces.
You spent 75 gold pieces at shops.


Innate Abilities, Weirdness & Mutations

You have a beak for a mouth.
You have claws for feet.
Your magical nature lets you fly swiftly and evasively.


   Skills:
 - Level 5.6(10.9) Fighting
 + Level 6.5 Polearms
 - Level 6.7(9.7) Dodging
 - Level 2.0(4.2) Stealth
 - Level 6.9(12.3) Spellcasting
 - Level 11.4 Conjurations
 - Level 3.5 Hexes
 - Level 7.3(10.3) Transmutations
 - Level 14.3 Air Magic
 - Level 8.8(11.8) Poison Magic


You had 18 spell levels left.
You knew the following spells:

 Your Spells              Type           Power      Damage    Failure   Level
a - Magic Dart            Conj           100%       1d8       1%          1
b - Searing Ray           Conj           100%       2d8       1%          2
c - Fulminant Prism       Conj/Hex       26%        3d14      1%          4
d - Lightning Bolt        Conj/Air       35%        1d53      1%          5
e - Eringya's Noxious Bo  Tmut/Pois      32%        N/A       6%          6

Your spell library contained the following spells:

 Spells                   Type           Power      Damage    Failure   Level
 Shock                    Conj/Air       100%       1d9       1%          1
 Passwall                 Tmut/Erth      35%        N/A       1%          2
 Dazzling Flash           Conj/Hex       100%       N/A       1%          3
 Swiftness                Air            74%        N/A       1%          3
 Blade Hands              Tmut           31%        N/A       1%          5
 Ensorcelled Hibernation  Hex/Ice        50%        N/A       2%          2
 Tukima's Dance           Hex            34%        N/A       2%          3
 Necrotise                Necr           64%        1d7       3%          1
 Iskenderun's Mystic Bla  Conj/Tloc      45%        2d10      3%          4
 Portal Projectile        Hex/Tloc       50%        N/A       5%          3
 Vampiric Draining        Necr           16%        2d7       11%         3
 Maxwell's Capacitive Co  Air            37%        ∞         54%         8
 Agony                    Necr           16%        N/A       69%         5

Inventory:

Hand Weapons
 e - the +6 spear "Syem Ciniun" (weapon) {flame, rElec rN+ Str-4 Int+4, polearm}
   (You took it off an orc on level 8 of the Dungeon)

   It burns those it strikes, dealing additional fire damage.
   Str:       It affects your strength (-4).
   Int:       It affects your intelligence (+4).
   rElec:     It insulates you from electricity.
   rN:        It protects you from negative energy.
Armour
 a - a +0 robe
 d - the cursed +0 steam dragon scales of Supernal Gnosis (worn) {Evo, Self}
   (You found it on level 8 of the Dungeon)

   It has a curse which improves the following skills: Evocations: Evocations.
   Introspection: Fighting and Spellcasting.
 m - the cursed +0 cloak of Ashenzari's Prison (worn) {Alch, Self}
   (You took it off Maurice on level 9 of the Dungeon)

   It has a curse which improves the following skills: Alchemy: Poison Magic and
   Transmutations.
   Introspection: Fighting and Spellcasting.
 t - a +0 ring mail
   (You found it on level 3 of the Dungeon)
 y - +0 steam dragon scales
   (You took it off Maggie on level 2 of the Lair of Beasts)
 C - a +2 troll leather armour {Snorg}
   (You found it on level 3 of the Lair of Beasts)
 L - a +0 leather armour
   (You found it on level 5 of the Dungeon)
 M - a +0 robe
   (You took it off an orc wizard on level 5 of the Dungeon)
 N - a +2 ring mail of poison resistance
   (You took it off an orc priest on level 5 of the Dungeon)
 O - a +0 leather armour
   (You took it off an orc on level 5 of the Dungeon)
 P - the +1 robe of Sin {rF+ Regen+ rCorr}
   (You found it on level 6 of the Dungeon)

   rF:        It protects you from fire.
   Regen:     It increases your rate of health regeneration.
   rCorr:     It protects you from acid and corrosion.
 R - a +0 leather armour
   (You found it on level 6 of the Dungeon)
 T - a +0 leather armour
   (You took it off an orc on level 6 of the Dungeon)
 U - a +0 robe
   (You took it off an orc wizard on level 6 of the Dungeon)
 V - a +0 scale mail
   (You took it off an orc on level 6 of the Dungeon)
 W - the cursed +2 pair of gloves "Yoke of Ashenzari" (worn) {Cun, Self}
   (You found it on level 6 of the Dungeon)

   It has a curse which improves the following skills: Cunning: Dodging and
   Stealth.
   Introspection: Fighting and Spellcasting.
 Y - a +0 plate armour
   (You took it off an orc warrior on level 7 of the Dungeon)
 Z - a +0 scale mail
   (You found it on level 7 of the Dungeon)
Jewellery
 g - the cursed ring "Eternal Together" (left hand) {Str+6, Fort, Self}
   (You found it on level 2 of the Dungeon)

   [ring of strength]

   Str:       It affects your strength (+6).
   It has a curse which improves the following skills: Fortitude: Armour and
   Shields.
   Introspection: Fighting and Spellcasting.
 o - the cursed ring of Ashenzari's Skepticism (right hand) {rC+, Self, Fort}
   (You found it on level 3 of the Dungeon)

   [ring of protection from cold]

   rC:        It protects you from cold.
   It has a curse which improves the following skills: Introspection: Fighting
   and Spellcasting.
   Fortitude: Armour and Shields.
 r - the cursed amulet of the Restrained Gnosis (around neck) {Acrobat, Alch, Cun}
   (You found it on level 3 of the Dungeon)

   [amulet of the acrobat]

   It increases your evasion while moving and waiting.
   It has a curse which improves the following skills: Alchemy: Poison Magic and
   Transmutations.
   Cunning:   Dodging and Stealth.
 J - a ring of wizardry
   (You found it on level 5 of the Dungeon)
 Q - an amulet of regeneration {@e2}
   (You found it on level 6 of the Dungeon)
Wands
 i - a wand of flame (9)
   (You found it on level 7 of the Dungeon)
 n - a wand of polymorph (4)
   (You took it off Maurice on level 9 of the Dungeon)
 s - a wand of paralysis (1)
   (You found it on level 9 of the Dungeon)
 E - a wand of iceblast (2)
   (You found it on level 3 of the Lair of Beasts)
 S - a wand of mindburst (3)
   (You found it on level 6 of the Dungeon)
Scrolls
 c - 9 scrolls of teleportation {@r4}
 k - 2 scrolls of poison {!r}
 l - a scroll of magic mapping {!r}
 p - a scroll of fear
 q - a scroll of enchant armour
 u - 7 scrolls of silence {!r}
 v - a scroll of immolation {!r!r}
 w - a scroll of summoning
 x - a scroll of enchant weapon
 B - a scroll of brand weapon
 I - 2 scrolls of blinking {!r}
Potions
 b - 3 potions of magic
 f - 3 potions of attraction {!q}
 h - 11 potions of curing {@q1}
 j - 6 potions of resistance
 z - 2 potions of heal wounds {@q2}
 A - a potion of brilliance
 D - 2 potions of lignification {!q}
 F - a potion of berserk rage {!q}
 G - a potion of mutation {!q}
 H - 5 potions of cancellation
 K - a potion of invisibility
 X - 3 potions of might

Dungeon Overview and Level Annotations

Branches:
Dungeon (10/15) Zot: 25457  Temple (0/1) D:7            Lair (4/5) D:10 Zot: 18652
 Shoals (0/4) Lair:2       Spider (0/4) Lair:3      Ossuary (visited)
  Slime: Lair:4-5       Orc: D:9-12

Altars:
Ashenzari
Elyvilon
Gozag
Nemelex Xobeh
Okawaru
Sif Muna
Uskayaw
Vehumet
Wu Jian
Yredelemnul

Shops:
D:8 ?

Annotations:
Lair:2 3 runed translucent doors, Dirtsage's ghost, journeyman OpTm
Lair:4 Nessos

.....# **#.....[.Y†......,
* * ...?.#
#.~~~~$~~c~(.(.. ...#.#
#.~~~~†~~~~.P... , ...###
#.~~~~~~~~~.(...,,, .#.#
###.~~~~†~~~~....., *
P#######
#.#.~~~~~~~~~..... * ##
#...###...~~~~~~~~~..... *
.#
##....................##
####.#.#P##.....@......###
,**
.......########.#.#.#..#
,,, ........# ##########
*, * †......## ,, .......#
, * .P.##P## , .###### ,
,,, #., * ,, # * ,*


You could see Nessos (fast, extremely poisoned).


Message History

You hear a deafening roar! x3
A hell rat comes into view. x2 😮 HP[+1] MP[-4]
You lost 4 mp, and now have 11/30 mp.
There are monsters nearby!
You are too injured to fight recklessly!
You are too injured to fight recklessly!
A hell rat comes into view.
A hell rat comes into view. 😕 HP[+1]
You see here a death yak corpse.
The hell rat festers in the toxic bog!
The hell rat looks as sick as possible! 😕 MP[+1]
The hell rat festers in the toxic bog!
The hell rat looks as sick as possible!
The hell rat festers in the toxic bog!
The hell rat looks as sick as possible!
You kill the hell rat! 😕 HP[+1]
A hell rat comes into view.
Your noxious spew wanes.
The hell rat roars deafeningly!
You kill the hell rat!
You see here a black mamba corpse.
Casting: Lightning Bolt (dangerous; 1% risk of failure)
Confirm with . or Enter, or press ? or * to list all spells.
Casting: Eringya's Noxious Bog (dangerous; 6% risk of failure)
Press: ? - help, Dir - look around, f - activate You spew toxic sludge!
The hell rat roars deafeningly!
You hear a bellow!
The hell rat festers in the toxic bog.
The hell rat looks as sick as possible!
A yak comes into view.
The hell rat festers in the toxic bog!
The hell rat looks as sick as possible! 😕 HP[+1] MP[-6]
You lost 6 mp, and now have 6/30 mp.
You barely miss the hell rat.
The yak bellows!
Your kick misses the hell rat.
You hear an angry hiss.
The hell rat festers in the toxic bog!
The hell rat looks as sick as possible!
The hell rat festers in the toxic bog!
The hell rat looks as sick as possible!
You kill the hell rat!
You kill the hell rat!
Nessos the Markscentaur comes into view.
A yak comes into view. 😕 MP[+1]
The hell rat festers in the toxic bog!
The hell rat looks as sick as possible!
You kill the hell rat!
A yak comes into view.
Unknown command.
Nessos wields a +3 longbow of flaming.
It bursts into flame!
Nessos shoots an arrow.
The arrow hits you! The arrow burns you.
You are poisoned. 😮 HP[-19]
You take 19 damage, and now have 47/84 hp.
MASSIVE DAMAGE!! (PAUSE)
You feel very sick.
The yak festers in the toxic bog!
The yak looks as sick as possible! 😨 HP[-5]
You take 5 damage, and now have 42/84 hp.
Unknown command.
You feel very sick. 😨 HP[-4]
You take 4 damage, and now have 38/84 hp.
Unknown command.
You feel very sick.
The yak festers in the toxic bog!
The yak looks as sick as possible! 😨 HP[-2] MP[+1]
You take 2 damage, and now have 36/84 hp.
You feel very sick. 😨 HP[-3]
You take 3 damage, and now have 33/84 hp.
As you read the scroll of teleportation {@r4}, it crumbles to dust.
You feel strangely unstable.
You feel sick.
The yak festers in the toxic bog!
The yak looks as sick as possible!
You kill the yak! 😨 HP[-2]
You take 2 damage, and now have 31/84 hp.
You feel sick.
Nessos festers in the toxic bog!
Nessos looks as sick as possible! 😨 HP[-1]
You take 1 damage, and now have 30/84 hp.
Unknown command.
You feel sick.
Nessos festers in the toxic bog!
Nessos looks as sick as possible!
Nessos shoots an arrow.
The arrow hits you.
* * * LOW HITPOINT WARNING * * *
The arrow burns you.
* * * LOW HITPOINT WARNING * * *
Nessos festers in the toxic bog!
Nessos looks as sick as possible!
Nessos mumbles some strange words.
Nessos seems to speed up.
You hear a bellow!
Unknown command. 😨 HP[-8]
You take 8 damage, and now have 22/84 hp.
You feel sick.
Nessos festers in the toxic bog!
Nessos looks as sick as possible!
Nessos shoots an arrow.
The arrow hits you!
* * * LOW HITPOINT WARNING * * *
The arrow burns you.
You are lethally poisoned!
You die...

Skill      XL: |  1  2  3  4  5  6  7  8  9 10 11 12 13 |
---------------+----------------------------------------+-----
Conjurations   | 6 7 8 9 10 11 | 11.4
Spellcasting   | 3 4 5 6 |  6.9
Hexes          | 1 2 3 |  3.5
Fighting       | 4 5 |  5.6
Dodging        | 5 6 |  6.7
Air Magic      | 10 14 | 14.3
Transmutations | 2 6 7 |  7.3
Poison Magic   | 3 8 |  8.8
Polearms       | 6 |  6.5
Stealth        | |  2.0

Action                   |  1- 3 |  4- 6 |  7- 9 | 10-12 | 13-15 || total
-------------------------+-------+-------+-------+-------+-------++-------
Melee: Unarmed           |     2 |       |       |       |       ||     2
       Peck              |     1 |    11 |     3 |    28 |     7 ||    50
       Dagger            |       |    37 |    16 |    17 |       ||    70
       Kick              |       |    15 |     2 |    43 |     8 ||    68
       Spear             |       |       |       |   125 |    31 ||   156
       Punch             |       |       |       |       |     1 ||     1
 Cast: Magic Dart        |    76 |   122 |    89 |    43 |       ||   330
       Searing Ray       |       |    15 |    30 |    10 |       ||    55
       Fulminant Prism   |       |       |    21 |    39 |       ||    60
       Lightning Bolt    |       |       |       |    93 |     3 ||    96
       Eringya's Noxious |       |       |       |     1 |    10 ||    11
Invok: Curse Item        |       |     1 |     3 |     3 |       ||     7
       Shatter the Chain |       |       |       |     1 |       ||     1
Evoke: Wand              |       |       |       |    13 |       ||    13
  Use: Scroll            |     3 |     8 |     7 |     1 |     1 ||    20
 Stab: Sleeping          |       |       |     1 |     2 |       ||     3
       Paralysed         |       |       |       |    15 |       ||    15
Armor: Leather armour    |       |     6 |    11 |     1 |       ||    18
       Steam dragon scal |       |       |       |    25 |     1 ||    26
Dodge: Dodged            |       |    34 |    81 |   236 |    20 ||   371

Levels and vault maps discovered:
D:1:      heliophobic_arrival_ceremonial_halls, layout_loops_ring,
          minmay_misc_feat_hallway
D:2:      layout_loops_ring, basic_altar
D:3:      layout_basic, ashenzari_altar_1, st_stairs_8
D:4:      layout_basic, yredelemnul_altar_generic,
          nicolae_ossuary_entry_catacombs, minmay_cupped, uniq_pikel,
          uniq_duvessa
D:5:      cheibrodos_barr_body, layout_basic, mainiacjoe_overflow_alcove_1,
          serial_corexii_hall, corexii_hall_statues_s, corexii_hall_statues_l,
          hangedman_abyss_or_decor_passed, kennysheep_opposing_triangles
D:6:      layout_gridville, lemuel_coloured_pillars_altar,
          nicolae_overflow_two_pavilions, lightli_corner_chamber
D:7:      layout_basic, minmay_temple_entry_large_hall, chequers_garden
D:8:      layout_loops_cross, okawaru_ov_weapons_minmay, serial_shops,
          kennysheep_mini
D:9:      layout_roguey, grunt_gozag_statues, minivault_24, uniq_harold,
          uniq_maurice
D:10:     layout_basic, mainiacjoe_overflow_small_starburst,
          kennysheep_orc_sif_temple, minmay_lair_entry_lava
Lair:1:   layout_cave_pods
Lair:2:   layout_long_grid, elwin_shoals_entry_rocks,
          gammafunk_ghost_necromancy, serial_bayou_pond_b, grunt_megastairs_2,
          uniq_nergalle, uniq_maggie
Lair:3:   layout_cellular_growth, spider_nest_entry_webs, lemuel_fruit_fields,
          uniq_snorg
Lair:4:   layout_gridlike, slime_entry_1, st_stairs_5, serial_bayou_lagoon_a,
          hellmonk_guarded_unrand_vines, lemuel_fruit_tree, uniq_nessos

Notes
Turn   | Place    | Note
-------+----------+-------------------------------------------
     0 | D:1      | MackTheKnife the Tengu Conjurer began the quest for the
                  | Orb.
     0 | D:1      | Reached XP level 1. HP: 10/10 MP: 4/4
     0 | D:1      | magus.rc [v1.9.6]
   128 | D:1      | HP: 2/10 [dart slug/slug dart (3)]
   192 | D:1      | Reached XP level 2. HP: 15/15 MP: 3/6
   443 | D:1      | Reached skill level 6 in Conjurations
   597 | D:1      | Learned a level 2 spell: Searing Ray
   756 | D:1      | Reached XP level 3. HP: 19/19 MP: 4/7
   787 | D:1      | You pick up a book of Burglary and begin reading...
   787 | D:1      | You add the spells Passwall, Ensorcelled Hibernation and
                  | Swiftness to your library.
  1290 | D:2      | Found a shimmering blue altar of Sif Muna.
  2122 | D:3      | Reached XP level 4. HP: 24/24 MP: 3/8
  2127 | D:3      | Learned a level 4 spell: Fulminant Prism
  2217 | D:3      | Found a broken altar of Ashenzari.
  2240 | D:3      | Became a worshipper of Ashenzari the Shackled
  2694 | D:3      | You pick up a book of Weapons and begin reading...
  2694 | D:3      | You add the spells Tukima's Dance, Portal Projectile and
                  | Blade Hands to your library.
  2934 | D:4      | Found a basalt altar of Yredelemnul.
  2970 | D:4      | Reached skill level 7 in Conjurations
  3448 | D:4      | Reached skill level 3 in Spellcasting
  3448 | D:4      | Reached skill level 1 in Hexes
  3448 | D:4      | Gained mutation: Your magical nature lets you fly swiftly
                  | and evasively. [Tengu growth]
  3448 | D:4      | Reached XP level 5. HP: 16/28 MP: 3/11
  3453 | D:4      | Found a sand-covered staircase.
  3514 | Ossuary  | Entered an ossuary
  3640 | Ossuary  | Reached XP level 6. HP: 32/32 MP: 5/12
  4411 | Ossuary  | Reached skill level 2 in Hexes
  4674 | Ossuary  | Reached skill level 8 in Conjurations
  5116 | D:4      | Noticed Dowan
  5119 | D:4      | Noticed Duvessa
  5125 | D:4      | Killed Dowan
  5126 | D:4      | Reached skill level 4 in Spellcasting
  5126 | D:4      | Reached XP level 7. HP: 36/36 MP: 5/14
  5129 | D:4      | Killed Duvessa
  5250 | D:4      | Noticed Pikel
  5260 | D:4      | Killed Pikel
  5261 | D:4      | Reached skill level 5 in Spellcasting
  5261 | D:4      | Reached skill level 9 in Conjurations
  5261 | D:4      | Reached skill level 3 in Hexes
  5261 | D:4      | Reached XP level 8. HP: 35/41 MP: 6/17
  5472 | D:4      | Reached * piety under Ashenzari
  6113 | D:5      | Entered Level 5 of the Dungeon
  6177 | D:5      | Reached skill level 10 in Conjurations
  6278 | D:5      | Reached skill level 6 in Spellcasting
  6282 | D:5      | Reached XP level 9. HP: 44/45 MP: 0/20
  6402 | D:5      | Reached skill level 11 in Conjurations
  6890 | D:5      | You pick up a book of Necromancy and begin reading...
  6890 | D:5      | You add the spells Necrotise, Vampiric Draining and Agony
                  | to your library.
  7035 | D:5      | Reached skill level 1 in Fighting
  7122 | D:5      | Found a white marble altar of Elyvilon.
  7173 | D:5      | Reached ** piety under Ashenzari
  7600 | D:5      | Reached skill level 3 in Dodging
  7688 | D:6      | Identified the +1 robe of Sin {rF+ Regen+ rCorr}
  7745 | D:6      | Reached skill level 2 in Fighting
  7780 | D:6      | Found a hide-covered altar of Uskayaw.
  7908 | D:6      | Noticed a hornet
  8093 | D:6      | Reached skill level 4 in Dodging
  8287 | D:6      | Found a radiant altar of Vehumet.
  8288 | D:6      | Found a sparkling altar of Nemelex Xobeh.
  8443 | D:7      | Reached skill level 3 in Fighting
  8584 | D:7      | Reached *** piety under Ashenzari
  8794 | D:7      | Reached skill level 5 in Dodging
  8883 | D:7      | Found a staircase to the Ecumenical Temple.
  8898 | D:7      | Reached skill level 4 in Fighting
  9335 | D:8      | Reached XP level 10. HP: 63/63 MP: 18/24
  9344 | D:8      | Reached skill level 5 in Fighting
  9344 | D:8      | Reached skill level 6 in Dodging
  9740 | D:8      | Found Zotubob's Magic Scroll Shoppe.
  9743 | D:8      | Bought a scroll of blinking for 75 gold pieces
  9858 | D:8      | Identified Ynoleoju's Dissertation on Breezy Pestilence
  9874 | D:8      | You add the spells Shock, Lightning Bolt, Eringya's Noxious
                  | Bog and Maxwell's Capacitive Coupling to your library.
 10097 | D:8      | Found an iron altar of Okawaru.
 10103 | D:8      | Identified the +6 spear "Syem Ciniun" {flame, rElec rN+
                  | Str-4 Int+4}
 10126 | D:8      | Learned a level 5 spell: Lightning Bolt
 10204 | D:9      | Noticed Harold
 10217 | D:9      | Killed Harold
 10218 | D:9      | Reached skill level 4 in Air Magic
 10341 | D:9      | Noticed a kobold demonologist
 10343 | D:9      | Noticed a kobold demonologist
 10349 | D:9      | Killed a kobold demonologist
 10350 | D:9      | Reached skill level 5 in Air Magic
 10350 | D:9      | Killed a kobold demonologist
 10351 | D:9      | Reached skill level 6 in Air Magic
 10669 | D:9      | Reached skill level 7 in Air Magic
 10786 | D:9      | Reached skill level 8 in Air Magic
 10845 | D:9      | Noticed Maurice
 10854 | D:9      | Killed Maurice
 10855 | D:9      | Reached skill level 9 in Air Magic
 10962 | D:9      | Found an opulent altar of Gozag.
 11048 | D:9      | Reached skill level 10 in Air Magic
 11050 | D:9      | Reached XP level 11. HP: 69/69 MP: 16/26
 11269 | D:10     | Entered Level 10 of the Dungeon
 11284 | D:10     | Reached skill level 11 in Air Magic
 11321 | D:10     | magus.rc [v1.9.6]
 11339 | D:10     | Reached skill level 12 in Air Magic
 11852 | D:10     | Found a staircase to the Lair.
 11908 | D:10     | Found an ornate altar of the Wu Jian Council.
 12390 | D:10     | Found a shimmering blue altar of Sif Muna.
 12502 | Lair:1   | Entered Level 1 of the Lair of Beasts
 12507 | Lair:1   | Reached skill level 13 in Air Magic
 12777 | Lair:1   | HP: 17/69 [blink frog (10)]
 12948 | Lair:1   | Reached skill level 14 in Air Magic
 13009 | Lair:1   | Learned a level 6 spell: Eringya's Noxious Bog
 13393 | Lair:1   | Reached skill level 1 in Transmutations
 13393 | Lair:1   | Reached skill level 1 in Poison Magic
 13540 | Lair:1   | Reached skill level 2 in Poison Magic
 14168 | Lair:2   | Noticed Nergalle
 14258 | Lair:2   | Reached skill level 2 in Transmutations
 14291 | Lair:2   | Noticed an eight-headed hydra
 14343 | Lair:2   | Killed an eight-headed hydra
 14344 | Lair:2   | Reached skill level 3 in Poison Magic
 14687 | Lair:2   | Reached XP level 12. HP: 76/76 MP: 19/27
 14689 | Lair:2   | Reached skill level 3 in Transmutations
 14784 | Lair:2   | Reached skill level 4 in Poison Magic
 14895 | Lair:2   | You pick up a book of Burglary and begin reading...
 14900 | Lair:2   | Killed Nergalle
 14906 | Lair:2   | Noticed Maggie
 14949 | Lair:2   | Killed Maggie
 14950 | Lair:2   | Reached skill level 4 in Transmutations
 15157 | Lair:2   | Reached skill level 5 in Poison Magic
 15313 | Lair:2   | Noticed an eight-headed hydra
 15458 | Lair:2   | Found a staircase to the Shoals.
 15779 | Lair:2   | Found a runed translucent gate.
 15781 | Lair:2   | Found a runed translucent gate.
 15782 | Lair:2   | Found a runed translucent gate.
 15790 | Lair:2   | Noticed Dirtsage's ghost (journeyman OpTm)
 15848 | Lair:2   | Noticed a death yak
 15848 | Lair:2   | Noticed a death yak
 15849 | Lair:2   | Noticed a death yak
 15849 | Lair:2   | Noticed a death yak
 15858 | Lair:2   | Killed a death yak
 15859 | Lair:2   | Reached skill level 5 in Transmutations
 15859 | Lair:2   | Reached skill level 6 in Poison Magic
 15859 | Lair:2   | Killed a death yak
 15860 | Lair:2   | Killed a death yak
 15860 | Lair:2   | HP: 4/76 [death yak (21)]
 15861 | Lair:2   | Killed a death yak
 16137 | Lair:2   | Killed an eight-headed hydra
 16138 | Lair:2   | Reached skill level 7 in Poison Magic
 16759 | Lair:3   | Reached skill level 6 in Transmutations
 16817 | Lair:3   | Found a hole to the Spider Nest.
 16888 | Lair:3   | Noticed an eight-headed hydra
 16901 | Lair:3   | Killed an eight-headed hydra
 17230 | Lair:3   | Reached skill level 8 in Poison Magic
 17489 | Lair:3   | Reached **** piety under Ashenzari
 17614 | Lair:3   | Noticed Snorg
 17629 | Lair:3   | Killed Snorg
 17630 | Lair:3   | Reached XP level 13. HP: 84/84 MP: 20/30
 17633 | Lair:3   | Reached skill level 7 in Transmutations
 18057 | Lair:3   | Reached skill level 1 in Polearms
 18060 | Lair:3   | Reached skill level 2 in Polearms
 18434 | Lair:4   | Reached skill level 3 in Polearms
 18489 | Lair:4   | Reached skill level 4 in Polearms
 18494 | Lair:4   | Reached skill level 5 in Polearms
 18501 | Lair:4   | Reached skill level 6 in Polearms
 18513 | Lair:4   | Noticed Nessos
 18523 | Lair:4   | HP: 21/84 [poisoned by Nessos]
 18523 | Lair:4   | HP: 4/84 [Nessos/arrow (17)]
 18523 | Lair:4   | Shot with an arrow by Nessos

Vanquished Creatures
  Snorg (Lair:3)
  Harold (D:9)
  3 hydras
  9 death yaks
  Nergalle (Lair:2)
  A lindwurm (Lair:3)
  Pikel (D:4)
  Maurice (D:9)
  4 elephants
  3 black mambas
  A gargoyle (D:10)
  9 cane toads
  Maggie (Lair:2)
  3 kobold demonologists
  3 komodo dragons
  2 rime drakes
  7 blink frogs
  A wyvern (D:9)
  A wraith (D:10)
  24 yaks
  A vampire (D:9)
  2 basilisks (Lair:2)
  2 steam dragons
  2 redbacks (Lair:3)
  An acid dragon (D:9)
  5 water moccasins
  Duvessa (D:4)
  4 orc warriors
  An ice beast (D:7)
  A sky beast (D:8)
  3 black bears (D:5)
  An ogre (D:4)
  14 wolves
  4 centaurs
  5 phantoms
  3 lemures (D:4)
  A kobold brigand (D:5)
  12 bullfrogs
  An elf skeleton (D:4)
  2 scorpions
  A necrophage (D:6)
  2 gnoll sergeants (D:10)
  Dowan (D:4)
  6 killer bees (D:9)
  3 orc priests
  A human zombie (D:4)
  2 gnoll boudas
  3 hounds
  2 human skeletons (D:4)
  5 iguanas (D:5)
  10 hell rats
  5 orc wizards
  13 mummies (Ossuary)
  17 gnolls
  7 adders
  A shadow imp (D:6)
  5 white imps
  2 ufetubi (D:5)
  2 worms
  A dart slug (D:1)
  32 orcs
  2 endoplasms
  10 giant cockroaches
  16 goblins
  12 hobgoblins
  6 kobolds
  2 quokkas (D:1)
  3 ball pythons
  2 bats
  4 frilled lizards
  2 gnoll skeletons (Ossuary)
  A goblin skeleton (Ossuary)
  A kobold skeleton (Ossuary)
  5 orc skeletons
  An orc zombie (D:4)
  6 rats
  11 rat skeletons (Ossuary)
348 creatures vanquished.

Vanquished Creatures (others)
  60 fulminant prisms
  18 fungi
  22 plants
100 creatures vanquished.

Grand Total: 448 creatures vanquished

Table legend:
 A = Non-vault XP
 B = Vault XP
 C = Vault XP percentage of total XP
 D = Non-vault monster count
 E = Vault monster count
 F = Vault count percentage of total count
                 A         B        C        D         E       F
            +---------+---------+-------+---------+---------+-------
      Total |   34615 |    8044 |  18.9 |     269 |      76 |  22.0
            +---------+---------+-------+---------+---------+-------
        D:1 |      42 |       0 |   0.0 |      23 |       0 |   0.0
        D:2 |      37 |       0 |   0.0 |      21 |       0 |   0.0
        D:3 |      45 |       1 |   2.2 |      15 |       1 |   6.2
        D:4 |     158 |    1195 |  88.3 |      16 |      13 |  44.8
        D:5 |     840 |     641 |  43.3 |      19 |      17 |  47.2
        D:6 |     377 |       0 |   0.0 |      11 |       0 |   0.0
        D:7 |     976 |       0 |   0.0 |      18 |       0 |   0.0
        D:8 |     863 |       0 |   0.0 |      16 |       0 |   0.0
        D:9 |    2810 |    1361 |  32.6 |      23 |       2 |   8.0
       D:10 |    3697 |     145 |   3.8 |      24 |       1 |   4.0
     Lair:1 |    3423 |       0 |   0.0 |      14 |       0 |   0.0
     Lair:2 |    7901 |    3137 |  28.4 |      21 |       7 |  25.0
     Lair:3 |    7530 |    1311 |  14.8 |      32 |       3 |   8.6
     Lair:4 |    5916 |       0 |   0.0 |      16 |       0 |   0.0
    Ossuary |       0 |     253 | 100.0 |       0 |      32 | 100.0
            +---------+---------+-------+---------+---------+-------

Illustrated notes

Table legend:
 A = Kills in this place as a percentage of kills in entire the game.
 B = Kills by you in this place as a percentage of kills by you in the entire game.
 C = Kills by friends in this place as a percentage of kills by friends in the entire game.
 D = Other kills in this place as a percentage of other kills in the entire game.
 E = Experience gained in this place as a percentage of experience gained in the entire game.
 F = Experience gained in this place divided by the number of levels of this place that you have seen.
                   A       B       C       D       E      F
               +-------+-------+-------+-------+-------+----------------------
         Total | 100.0 | 100.0 |   N/A |   N/A | 100.0 | 2843.9
       Dungeon |  63.8 |  63.8 |   N/A |   N/A |  30.9 | 1318.8
          Lair |  27.0 |  27.0 |   N/A |   N/A |  68.5 | 7304.5
       Ossuary |   9.3 |   9.3 |   N/A |   N/A |   0.6 | 253.0
               +-------+-------+-------+-------+-------+----------------------

Table legend: (Time is in decaauts)
 A = Elapsed time spent in this place.
 B = Non-inter-level travel time spent in this place.
 C = Inter-level travel time spent in this place.
 D = Time resting spent in this place.
 E = Time spent auto-exploring this place.
 F = Levels seen in this place.
 G = Mean time per level.
                   A        B        C        D        E       F      G
               +--------+--------+--------+--------+--------+-----+--------+
         Total |  17789 |  17284 |    505 |   3345 |  11926 |  15 | 1185.9 |
       Dungeon |  11092 |  10805 |    287 |   1531 |   8131 |  10 | 1109.2 |
          Lair |   5346 |   5128 |    218 |   1357 |   3072 |   4 | 1336.5 |
       Ossuary |   1350 |   1350 |      0 |    456 |    723 |   1 | 1350.0 |
               +--------+--------+--------+--------+--------+-----+--------+

Top non-repeatable levels by time:
  Lair:2: 1918 daAuts
  Lair:1: 1691 daAuts
     D:4: 1665 daAuts
  Lair:3: 1581 daAuts
    D:10: 1542 daAuts
     D:5: 1492 daAuts
 Ossuary: 1350 daAuts
     D:1: 1190 daAuts
     D:9: 961 daAuts
     D:3: 913 daAuts
     D:7: 901 daAuts
     D:2: 899 daAuts
     D:8: 875 daAuts
     D:6: 649 daAuts
  Lair:4: 155 daAuts
